 Dungeon Crawl Stone Soup version 0.30-a0-1085-g990a428a5c (webtiles) character file.

Game seed: 3698014669231804150

536 Aneyh the Slasher (level 7, -13/44 HPs)
             Began as a Tengu Monk on Apr 16, 2023.
             Mangled by a hornet (14 damage)
             ... while paralysed by a hornet
             ... on level 5 of the Dungeon.
             The game lasted 00:04:37 (4427 turns).

Aneyh the Slasher (Tengu Monk)                      Turns: 4427, Time: 00:04:39

Health: -13/44     AC:  2    Str: 11    XL:     7   Next: 25%
Magic:  8/8        EV:  2    Int: 11    God:
Gold:   205        SH:  0    Dex: 18    Spells: 6/6 levels left

rFire   . . .      SeeInvis .    a - +0 falchion
rCold   . . .      Faith    .    d - orb {light}
rNeg    . . .      Spirit   .    b - +0 robe
rPois   .          Reflect  .    (helmet restricted)
rElec   .          Rampage  .    (no cloak)
rCorr   .                        (no gloves)
Will    .....                    (boots unavailable)
Stlth   +                        (no amulet)
HPRegen 0.27/turn                (no ring)
MPRegen 0.11/turn                (no ring)

@: paralysed, lethally poisoned (-13 -> -32), flying quickly and evasively,
slowed, glowing, quick
A: beak, talons 3, nimble flight
a: no special abilities


You were on level 5 of the Dungeon.
You visited 1 branch of the dungeon, and saw 5 of its levels.

You collected 205 gold pieces.

Inventory:

Hand Weapons
 a - a +0 falchion (weapon)
 f - a +2 dagger of venom
 s - a +0 halberd
 w - a +0 short sword of draining
 x - a +0 trident
Missiles
 u - 2 boomerangs (quivered)
Armour
 b - a +0 robe (worn)
 d - an orb of light (worn)
 p - a +0 pair of gloves
Jewellery
 g - a ring of poison resistance
 k - an amulet of magic regeneration
Scrolls
 h - 6 scrolls of identify {unknown}
 i - a scroll of noise {unknown}
 j - 5 scrolls of fog {unknown}
 l - 4 scrolls of amnesia {unknown}
 m - a scroll of summoning {unknown}
 r - a scroll of teleportation {unknown}
 v - a scroll of enchant armour {unknown}
Potions
 c - a potion of mutation {unknown}
 e - 4 potions of degeneration {unknown}
 n - a potion of curing
 o - a potion of haste {unknown}
 q - a potion of brilliance {unknown}
 t - a potion of magic {unknown}


   Skills:
 + Level 4.9 Fighting
 - Level 7.0 Long Blades
 * Level 1.3 Armour
 + Level 4.3 Dodging


You had 6 spell levels left.
You didn't know any spells.
Your spell library contained the following spells:

 Spells                   Type           Power      Damage    Failure   Level
 Apportation              Tloc           0%         N/A       34%         1
 Necrotise                Necr           0%         1d4       34%         1
 Summon Small Mammal      Summ           0%         N/A       34%         1
 Call Canine Familiar     Summ           0%         N/A       71%         3
 Portal Projectile        Hex/Tloc       0%         N/A       71%         3
 Leda's Liquefaction      Hex/Erth       0%         N/A       98%         4


Dungeon Overview and Level Annotations

Branches:
Dungeon (5/15)
 Temple: D:4-7

Altars:
Dithmenos
Yredelemnul
The Shining One


Innate Abilities, Weirdness & Mutations

You have a beak for a mouth.
You have claws for feet.
Your magical nature lets you fly swiftly and evasively.


Message History

You hit the orc zombie. You claw the orc zombie!
You destroy the orc zombie!
There is a stone staircase leading up here.
You reach down and open the door.
There is an open door here.
There is an open door here.
You now have 205 gold pieces (gained 14).
Found an escape hatch in the ceiling.
Found a stone staircase leading up.
A hornet and an iguana come into view.
The hornet buzzes angrily.
The iguana hisses angrily.
You closely miss the hornet. You claw the hornet, but do no damage.
The hornet barely misses you.
You hit the hornet but do no damage. You claw the hornet.
The hornet is lightly wounded.
The hornet stings you!
You feel yourself slow down. The hornet completely misses you.
You hit the hornet but do no damage. You claw the hornet! You peck the hornet.
The hornet is heavily wounded.
The hornet misses you. The hornet stings you!
You feel as though you will be slow longer.
You are too injured to fight recklessly!
Unknown command.
You closely miss the hornet. You claw the hornet, but do no damage.
You peck the hornet, but do no damage.
The hornet is heavily wounded.
The hornet misses you. The hornet barely misses you.
You hit the hornet.
The hornet is heavily wounded.
The hornet closely misses you. The hornet stings you!
You are poisoned.
You suddenly lose the ability to move!
The iguana barely misses you.
You feel yourself speed up.
You feel sick. The hornet stings you.
* * * LOW HITPOINT WARNING * * *
You are lethally poisoned!
You feel yourself slow down. The iguana bites you!
* * * LOW HITPOINT WARNING * * *
The hornet stings you!
You die...

########...#......##
.
#..........###..#..
#.####.###..#
.#.#### #.#
#........ #.#
#.......
...####.#######..#
..................
...####.#######.<#
#@# .......ly......
##.####.######. #.#
#.# #.# #.# ...


You could see a hornet and an iguana.

Vanquished Creatures
  A black bear (D:4)
  An ogre (D:3)
  A phantom (D:4)
  A bullfrog zombie (D:4)
  Jessica (D:2)
  An iguana (D:3)
  A hound zombie (D:4)
  3 gnolls (D:4)
  6 adders
  A white imp (D:5)
  2 adder zombies (D:4)
  2 dart slugs (D:1)
  5 orcs
  3 bats
  3 endoplasms
  2 giant cockroaches (D:3)
  11 goblins
  8 hobgoblins
  8 jackals
  5 quokkas
  7 ball pythons
  A frilled lizard (D:1)
  2 hobgoblin zombies (D:5)
  4 kobolds
  A kobold skeleton (D:5)
  An orc skeleton (D:5)
  3 orc zombies (D:5)
  4 rats
89 creatures vanquished.

Notes
Turn   | Place    | Note
-------+----------+-------------------------------------------
     0 | D:1      | Aneyh the Tengu Monk began the quest for the Orb.
     0 | D:1      | Reached XP level 1. HP: 14/14 MP: 2/2
   105 | D:1      | Reached XP level 2. HP: 9/19 MP: 3/3
   310 | D:1      | Reached skill level 4 in Long Blades
   410 | D:1      | Reached XP level 3. HP: 20/23 MP: 4/4
  1237 | D:2      | Found a shadowy altar of Dithmenos.
  1825 | D:2      | Noticed Jessica
  1832 | D:2      | Killed Jessica
  1833 | D:2      | Reached skill level 5 in Long Blades
  1833 | D:2      | Reached XP level 4. HP: 26/28 MP: 5/5
  2436 | D:3      | Gained mutation: Your magical nature lets you fly swiftly
                  | and evasively. [Tengu growth]
  2436 | D:3      | Reached XP level 5. HP: 17/33 MP: 6/6
  2534 | D:3      | Noticed an ogre
  2542 | D:3      | Killed an ogre
  2543 | D:3      | Reached skill level 6 in Long Blades
  2720 | D:3      | Reached XP level 6. HP: 38/38 MP: 7/7
  3202 | D:4      | Found a basalt altar of Yredelemnul.
  3252 | D:4      | Reached skill level 7 in Long Blades
  3671 | D:4      | Reached XP level 7. HP: 44/44 MP: 8/8
  4010 | D:4      | Found a shadowy altar of Dithmenos.
  4114 | D:5      | Entered Level 5 of the Dungeon
  4130 | D:5      | Found a glowing golden altar of the Shining One.
  4278 | D:4      | Reached skill level 1 in Armour
  4421 | D:5      | Noticed a hornet
  4426 | D:5      | Paralysed by a hornet for 3 turns
  4427 | D:5      | HP: 1/44 [iguana (9)]
  4427 | D:5      | Mangled by a hornet

Illustrated notes

Levels and vault maps discovered:
D:1:      dpeg_arrival_shrine, layout_loops_ring, minmay_misc_feat_alley
D:2:      layout_basic, basic_altar, chequers_serial_rivers_room_a,
          dreamdust_mushroom_princess, uniq_jessica
D:3:      layout_basic
D:4:      layout_basic, nicolae_yredelemnul_corpse_copse, lemuel_round_altar,
          minmay_circle_x
D:5:      layout_basic, marbit_many_paths, kennysheep_okawaru_gauntlet,
          nicolae_tso_besieged_by_evil, serial_shops,
          nicolae_shop_bloodbath_and_beyond, chequers_serial_rivers_micro_e,
          minivault_23, minmay_misc_feat_nine_boxes, uniq_ijyb,
          uniq_blork_the_orc, uniq_edmund

Skill      XL: |  1  2  3  4  5  6  7 |
---------------+----------------------+-----
Long Blades    | 4 5 6 7 |  7.0
Fighting       | 4 |  4.9
Dodging        | 4 |  4.3
Armour         | 1 |  1.3

Action                     |  1- 3 |  4- 6 |  7- 9 || total
---------------------------+-------+-------+-------++-------
  Melee: Falchion          |    60 |   100 |    34 ||   194
         Kick              |    12 |    35 |    16 ||    63
         Peck              |     7 |    19 |     8 ||    34
    Use: Potion            |     1 |       |       ||     1
 Armour: Robe              |     6 |    10 |     7 ||    23
  Dodge: Dodged            |    39 |    96 |    42 ||   177

Table legend: (Time is in decaauts)
 A = Elapsed time spent in this place.
 B = Non-inter-level travel time spent in this place.
 C = Inter-level travel time spent in this place.
 D = Time resting spent in this place.
 E = Time spent auto-exploring this place.
 F = Levels seen in this place.
 G = Mean time per level.
                   A        B        C        D        E       F      G
               +--------+--------+--------+--------+--------+-----+--------+
         Total |   4298 |   4094 |    204 |    770 |   2800 |   5 |  859.6 |
       Dungeon |   4298 |   4094 |    204 |    770 |   2800 |   5 |  859.6 |
               +--------+--------+--------+--------+--------+-----+--------+

Top non-repeatable levels by time:
     D:4: 1230 daAuts
     D:2: 1127 daAuts
     D:1: 1039 daAuts
     D:3: 802 daAuts
     D:5: 98 daAuts
